 Dungeon Crawl Stone Soup version 0.32-a0-441-gaf4921d101 (webtiles) character file.

Game seed: 2275703017633181325

7175 Jannitor the Prestidigitator (level 11, 0/85 HPs)
             Began as a Coglin Gladiator on Feb 23, 2024.
             Was a Follower of Beogh.
             Succumbed to a cane toad's poison
             ... on level 9 of the Dungeon.
             The game lasted 00:16:33 (10781 turns).

Jannitor the Prestidigitator (Coglin Gladiator)    Turns: 10781, Time: 00:16:33

Health: 0/85       AC: 16    Str: 25    XL:     11   Next: 11%
Magic:  7/13       EV: 10    Int:  8    God:    Beogh [*.....]
Gold:   211        SH:  0    Dex: 15    Spells: 10/10 levels left

rFire   . . .        n - -2 demon whip (venom) {Kagemori}
rCold   . . .        x - +4 hand axe {Octavius}
rNeg    . . .        G - +0 plate armour
rPois   .            c - +0 helmet
rElec   .            D - +0 cloak
rCorr   .            k - +0 pair of gloves
SInv    .            (no boots)
Will    .....        h - amulet of faith Stlth
                     r - ring of wizardry
HPRegen 0.34/turn    z - +6 ring of strength
MPRegen 0.13/turn

%: clarity, faith, wizardry (x1)
@: lethally poisoned (0 -> -10)
A: off-hand wielding, slow wielding, warmup strikes, legs shutdown, clarity,
passive freeze, wild magic 1
a: Renounce Religion


You were on level 9 of the Dungeon.
You worshipped Beogh.
Beogh was aware of your devotion.
You visited 3 branches of the dungeon, and saw 12 of its levels.

You collected 453 gold pieces.
You spent 242 gold pieces at shops.

Inventory:

Hand Weapons
 a - a +0 war axe {Ari}
 f - a +0 war axe {Eanasir}
 i - a +1 mace of draining {Suni}
 n - a -2 demon whip of venom (weapon) {Kagemori}
 x - a +4 hand axe (offhand) {Octavius}
Missiles
 d - 5 throwing nets (quivered)
 e - a javelin
 K - 5 curare-tipped darts
Armour
 b - a +0 leather armour
 c - a +0 helmet (worn)
 k - a +0 pair of gloves (worn)
 B - +0 steam dragon scales
 D - a +0 cloak (worn)
 G - a +0 plate armour (worn)
Jewellery
 h - an amulet of faith (around neck)
 r - a ring of wizardry (left grasper)
 z - a +6 ring of strength (right grasper)
 A - a ring of see invisible
Wands
 t - a wand of charming (11)
 H - a wand of iceblast (5)
 L - a wand of polymorph (1)
Scrolls
 g - a scroll of revelation
 m - 2 scrolls of immolation
 o - a scroll of vulnerability
 s - 2 scrolls of enchant armour
 y - a scroll of fog {unknown}
 J - 2 scrolls of identify
Potions
 u - a potion of degeneration {unknown}
 E - a potion of haste {unknown}


   Skills:
 + Level 7.7 Fighting
 + Level 8.1 Axes
 - Level 1.7 Throwing
 + Level 6.7 Armour
 - Level 6.6 Dodging
 + Level 3.2 Invocations
 + Level 9.3 Evocations


You had 10 spell levels left.
You didn't know any spells.
Your spell library contained the following spells:

 Spells                   Type           Power      Damage    Failure   Level
 Ensorcelled Hibernation  Hex/Ice        0%         N/A       97%         2
 Passwall                 Erth           0%         N/A       99%         3
 Swiftness                Air            0%         N/A       99%         3


Dungeon Overview and Level Annotations

Branches:
Dungeon (10/15)            Temple (1/1) D:4            Lair (1/5) D:9
    Orc: D:9-12

Altars:
Ashenzari
Cheibriados
Dithmenos
Elyvilon
Fedhas
Gozag
Hepliaklqana
Kikubaaqudgha
Makhleb
Nemelex Xobeh
Okawaru
Qazlal
Ru
Sif Muna
Trog
Uskayaw
Vehumet
Wu Jian
Xom
Yredelemnul
Zin
The Shining One

Shops:
D:4 *   D:7 !   D:9 :!*=

Annotations:
D:3 2 transporters, exclusion: statue, Snipperlap's ghost, amateur GnWn
D:7 3 runed translucent doors, tish's ghost, novice DgFi
D:10 Fannar; Nergalle


Innate Abilities, Weirdness & Mutations

Your facial features are unmistakably orcish.
You can wield a second weapon in your off-hand.
It takes a long time for you to wield or remove held weapons.
Your first few attacks do less damage.
Attacking and casting redirects power from your legs.
You possess an exceptional clarity of mind.
A frigid envelope surrounds you and freezes all who hurt you.
Your spells are a little harder to cast, but a little more powerful.


Message History

* * * LOW HITPOINT WARNING * * *
You feel extremely sick.
Okay, then.
Unknown command.
Okay, then.
Unknown command.
Aiming: Smiting
Press: ? - help, Dir - move target, f - hell rat Smite: a hell rat (severely wounded)
You smite the hell rat!!
You kill the hell rat!
Beogh accepts your kill.
* * * LOW HITPOINT WARNING * * *
You feel very sick.
Aiming: Smiting
Press: ? - help, Dir - move target, f - hell rat Smite: a hell rat You smite the hell rat!
The hell rat is severely wounded.
You can no longer smite your foes.
* * * LOW HITPOINT WARNING * * *
You feel very sick.
Unknown command.
Okay, then.
Unknown command.
Unknown command.
Okay, then.
Unknown command.
Blink to where?
Press: ? - help, Dir - move target, p - hell rat
As you read the scroll of blinking, it crumbles to dust.
* * * LOW HITPOINT WARNING * * *
You feel very sick.
As you read the scroll of teleportation, it crumbles to dust.
You feel strangely unstable.
* * * LOW HITPOINT WARNING * * *
You feel very sick.
You feel strangely stable.
You feel magically purged.
You die...

#.#######...#####.###..........
#.# #..........##.# ##.....####
#.# #.###...##.##.# ##...##
###.# #.# ##.###.##.# #####
..#.###.####.# #.##.#
#.#.#.....##.# #.##.##########
#.#.#.###.##.###†##..........#
......# #.......>###########.#
....#.###.#####.@# #.#
[####.....# #[)# #.# .# ###.###
#.F# #.# .# #.# #.r# #.# .#
#.#######..# #####.### .#
#..........# #.......# .#
#########.## #.......# .# #§#
#.......# .# #.###### #.......#


You could see a cane toad and a hell rat.

Vanquished Creatures
  Erolcha (D:10)
  Amaemon (D:10)
  An ice devil (D:10)
  2 hornets (D:9)
  A wraith (D:7)
  A wyvern (D:8)
  6 yaks
  A steam dragon (D:7)
  An acid dragon (D:10)
  2 water moccasins
  4 orc warriors
  3 sky beasts
  5 black bears
  A wolf (D:9)
  A centaur (D:9)
  3 phantoms
  5 bullfrogs
  2 scorpions (D:6)
  8 wights
  9 killer bees
  3 howler monkeys (D:7)
  5 electric eels
  2 bombardier beetles
  A gnoll bouda (D:6)
  7 hounds
  2 orc priests
  2 jellies (D:6)
  3 iguanas
  4 orc wizards
  A hell rat (D:9)
  7 gnolls
  5 adders
  A shadow imp (D:5)
  2 white imps
  2 dart slugs (D:4)
  2 ribbon worms
  27 orcs
  6 endoplasms
  4 giant cockroaches
  15 goblins
  10 hobgoblins
  2 quokkas
  7 ball pythons
  12 bats
  2 frilled lizards (D:1)
  5 kobolds
  4 rats
201 creatures vanquished.

Vanquished Creatures (others)
  An orc priest (D:9)
1 creature vanquished.

Grand Total: 202 creatures vanquished

Notes
Turn   | Place    | Note
-------+----------+-------------------------------------------
     0 | D:1      | Jannitor the Coglin Gladiator began the quest for the Orb.
     0 | D:1      | Reached XP level 1. HP: 16/16 MP: 1/1
   237 | D:1      | Reached XP level 2. HP: 17/22 MP: 2/2
   712 | D:1      | Reached XP level 3. HP: 27/28 MP: 3/3
   760 | D:1      | Reached skill level 1 in Armour
  1638 | D:3      | Noticed a black bear
  1639 | D:3      | Reached XP level 4. HP: 20/34 MP: 4/4
  1760 | D:3      | Found a hide-covered altar of Uskayaw.
  1763 | D:3      | Found a sacrificial altar of Ru.
  1949 | D:3      | Found a radiant altar of Vehumet.
  1951 | D:3      | Noticed a charred statue
  2080 | D:3      | Reached skill level 1 in Evocations
  2088 | D:3      | Found a transporter.
  2091 | D:3      | Noticed Snipperlap's ghost (amateur GnWn)
  2101 | D:3      | Reached XP level 5. HP: 41/41 MP: 5/5
  2110 | D:3      | Found a transporter.
  2380 | D:3      | Killed a black bear
  2381 | D:3      | Reached skill level 2 in Evocations
  2555 | D:4      | Reached XP level 6. HP: 47/47 MP: 6/6
  2706 | D:4      | Found a staircase to the Ecumenical Temple.
  2725 | Temple   | Entered the Ecumenical Temple
  2778 | D:4      | Found a burning altar of Makhleb.
  2807 | D:4      | Found Bustroh's Elemental Accessories.
  3137 | D:5      | Entered Level 5 of the Dungeon
  3206 | D:5      | Found an ornate altar of the Wu Jian Council.
  3212 | D:5      | Noticed a black bear
  3226 | D:5      | Killed a black bear
  3227 | D:5      | Reached skill level 3 in Evocations
  3227 | D:5      | Reached XP level 7. HP: 38/53 MP: 7/7
  3740 | D:5      | Reached skill level 4 in Evocations
  4051 | D:5      | Reached skill level 5 in Axes
  4053 | D:5      | Reached XP level 8. HP: 35/60 MP: 8/8
  4785 | D:6      | Reached skill level 5 in Evocations
  4896 | D:6      | Reached skill level 5 in Fighting
  4896 | D:6      | Reached skill level 5 in Dodging
  5844 | D:7      | Reached XP level 9. HP: 52/68 MP: 9/9
  5898 | D:7      | Found Ohoujiupt's Distillery.
  5907 | D:7      | Bought a potion of heal wounds for 65 gold pieces
  5907 | D:7      | Bought a potion of heal wounds for 65 gold pieces
  5919 | D:7      | Reached skill level 6 in Evocations
  6217 | D:7      | Became a worshipper of Beogh the Shepherd
  6553 | D:7      | Found a runed translucent gate.
  6553 | D:7      | Found a runed translucent gate.
  6553 | D:7      | Found a runed translucent gate.
  6556 | D:7      | Noticed a spectral unseen horror
  6558 | D:7      | Noticed tish's ghost (novice DgFi)
  6744 | D:7      | Reached skill level 5 in Armour
  7348 | D:7      | Reached skill level 7 in Evocations
  7706 | D:7      | Reached * piety under Beogh
  7707 | D:7      | Reached XP level 10. HP: 52/77 MP: 10/10
  7904 | D:8      | Reached skill level 1 in Invocations
  8366 | D:8      | Found a stormy altar of Qazlal.
  8628 | D:8      | Reached skill level 8 in Evocations
  8749 | D:8      | Found a blossoming altar of Fedhas.
  8749 | D:8      | Found an opulent altar of Gozag.
  8752 | D:8      | Found a basalt altar of Yredelemnul.
  8754 | D:8      | Found a shadowy altar of Dithmenos.
  8985 | D:9      | Found Tesutuon's Book Emporium.
  8987 | D:9      | Found Dad Xeo's Distillery.
  8987 | D:9      | Found Unnufeinif's Jewellery Shop.
  8987 | D:9      | Found Juomole's General Store.
  9067 | D:9      | Bought a potion of heal wounds for 70 gold pieces
  9067 | D:9      | Bought a potion of curing for 42 gold pieces
  9099 | D:9      | Paralysed by a hornet for 1 turns
  9200 | D:9      | Paralysed by a hornet for 1 turns
  9204 | D:9      | Paralysed by a hornet for 3 turns
  9494 | D:9      | Found a staircase to the Lair.
  9856 | D:9      | Found a white marble altar of Elyvilon.
  9858 | D:9      | Found a glowing golden altar of the Shining One.
  9859 | D:9      | Found a glowing silver altar of Zin.
  9986 | D:9      | Found a bloodstained altar of Trog.
 10243 | D:10     | Entered Level 10 of the Dungeon
 10243 | D:10     | Noticed Fannar
 10389 | D:10     | Noticed Erolcha
 10398 | D:10     | Killed Erolcha
 10407 | D:10     | Reached ** piety under Beogh
 10408 | D:10     | Reached skill level 9 in Evocations
 10410 | D:10     | Noticed a two-headed ogre
 10411 | D:10     | Noticed Nergalle
 10480 | D:10     | Noticed an orange demon
 10481 | D:10     | Noticed Amaemon
 10494 | D:10     | Gained mutation: You possess an exceptional clarity of
                  | mind. [potion of mutation]
 10494 | D:10     | Gained mutation: Your spells are a little harder to cast,
                  | but a little more powerful. [potion of mutation]
 10494 | D:10     | Gained mutation: A frigid envelope surrounds you and
                  | freezes all who hurt you. [potion of mutation]
 10499 | D:10     | Killed Amaemon
 10500 | D:10     | Reached XP level 11. HP: 42/85 MP: 13/13
 10711 | Lair:1   | Entered Level 1 of the Lair of Beasts
 10780 | D:9      | HP: 2/85 [poisoned by a cane toad]
 10781 | D:9      | Succumbed to a cane toad's poison

Illustrated notes

Levels and vault maps discovered:
D:1:      dpeg_arrival_lava_altar, layout_basic
D:2:      layout_loops_ring
D:3:      layout_basic, nicolae_overflow_squiral, vehumet_statue,
          gammafunk_ghost_stat_death, serial_bayou_pond_d
D:4:      cheibrodos_greedy_goblins, layout_gridville, makhleb_heckhound_becter,
          minmay_temple_entry_trees, roderic_batcave, nicolae_elemental_shop
D:5:      layout_cave_pools, mainiacjoe_overflow_boulevard,
          roderic_st_hans_cross, hex_tiny
D:6:      layout_cave_pods, kennysheep_path_1
D:7:      layout_layer_cave, serial_shops, shop, gammafunk_ghost_necromancy,
          grunt_ministairs_9
D:8:      nicolae_moon_pools, layout_cave_pools,
          nicolae_qazlal_general_emergency, minitemple
D:9:      layout_loops_ring, dreamdust_divine_triumvirate, kennysheep_mini_moat,
          lair_entry_dummy, nicolae_wooded_promenade
D:10:     layout_basic, enter_bailey_5, nicolae_neqoxec_dot_bat, uniq_amaemon,
          uniq_fannar, uniq_erolcha, uniq_nergalle
Temple:   hellmonk_temple_flake
Lair:1:   gammafunk_worm_tunnel, layout_hall_layers, grunt_megastairs_5,
          serial_bayou_shore_b

Skill      XL: |  1  2  3  4  5  6  7  8  9 10 |
---------------+-------------------------------+-----
Dodging        | 3 4 5 6 |  6.6
Armour         | 1 2 3 4 5 6 |  6.7
Evocations     | 1 2 3 4 5 7 9 |  9.3
Fighting       | 3 4 5 6 7 |  7.7
Axes           | 4 5 6 8 |  8.1
Invocations    | 3 |  3.2
Throwing       | |  1.7

Action                     |  1- 3 |  4- 6 |  7- 9 | 10-12 || total
---------------------------+-------+-------+-------+-------++-------
  Melee: War axe           |    65 |   112 |   263 |   103 ||   543
         Dagger            |    56 |    18 |       |       ||    74
         Hand axe          |       |    88 |   199 |    98 ||   385
         Mace              |       |       |    50 |       ||    50
         Demon whip        |       |       |       |     3 ||     3
 Invoke: Convert to Beogh  |       |       |     1 |       ||     1
         Smiting           |       |       |       |     2 ||     2
  Evoke: Wand              |       |     4 |     2 |     9 ||    15
    Use: Scroll            |       |     8 |     3 |     9 ||    20
         Potion            |       |       |     8 |    10 ||    18
   Stab: Sleeping          |     1 |     1 |       |       ||     2
 Armour: Leather armour    |    35 |    73 |   162 |       ||   270
         Steam dragon scal |       |       |    41 |       ||    41
         Plate armour      |       |       |       |   123 ||   123
  Dodge: Dodged            |    46 |    90 |   232 |    59 ||   427

Table legend: (Time is in decaauts)
 A = Elapsed time spent in this place.
 B = Non-inter-level travel time spent in this place.
 C = Inter-level travel time spent in this place.
 D = Time resting spent in this place.
 E = Time spent auto-exploring this place.
 F = Levels seen in this place.
 G = Mean time per level.
                   A        B        C        D        E       F      G
               +--------+--------+--------+--------+--------+-----+--------+
         Total |  10868 |  10435 |    433 |   2498 |   6254 |  12 |  905.7 |
       Dungeon |  10858 |  10426 |    432 |   2498 |   6254 |  10 | 1085.8 |
        Temple |      1 |      1 |      0 |      0 |      0 |   1 |    1.0 |
          Lair |      8 |      8 |      0 |      0 |      0 |   1 |    8.0 |
               +--------+--------+--------+--------+--------+-----+--------+

Top non-repeatable levels by time:
     D:7: 1936 daAuts
     D:6: 1712 daAuts
     D:9: 1507 daAuts
     D:8: 1183 daAuts
     D:1: 1041 daAuts
     D:5: 1002 daAuts
     D:3: 825 daAuts
     D:2: 661 daAuts
     D:4: 636 daAuts
    D:10: 351 daAuts
  Lair:1: 8 daAuts
  Temple: 1 daAuts
